 Dungeon Crawl Stone Soup version 0.17-a0-1687-g01fd01a (webtiles) character file.

2156 zeke the Ruffian (level 9, -2/79 HPs)
             Began as a Troll Earth Elementalist on Aug 19, 2015.
             Was an Initiate of Cheibriados.
             Killed from afar by an oklob plant (14 damage)
             ... with a splash of acid
             ... on level 6 of the Dungeon.
             The game lasted 00:32:20 (5551 turns).

zeke the Ruffian (Troll Earth Elementalist)         Turns: 5551, Time: 00:32:21

Health: -2/79      AC:  9    Str: 20    XL:     9   Next: 10%
Magic:  10/10      EV:  8    Int: 14    God:    Cheibriados [......]
Gold:   337        SH:  0    Dex: 11    Spells: 2 memorised, 7 levels left

rFire  + + .     SeeInvis .     e - +2 flail (protect)
rCold  x . .     Clarity  .     k - +0 fire dragon armour
rNeg   . . .     SustAt   .     (no shield)
rPois  .         Gourm    +     (helmet restricted)
rElec  .         Spirit   .     (no cloak)
rCorr  .         Warding  .     (gloves unavailable)
rMut   .         Stasis   .     (boots unavailable)
MR     .....                    w - amulet of rage
Stlth  ..........               (no ring)
                                q - +3 ring of protection

@: about to teleport, corroded equipment, very slow, not resistant to hostile
enchantments, extremely unstealthy
A: unfitting armour, claws 3, fast metabolism 3, gourmand, regeneration 2,
shaggy fur 1, tough skin 2
a: Bend Time, Renounce Religion, Evoke Berserk Rage


You were on level 6 of the Dungeon.
You worshipped Cheibriados.
Cheibriados was noncommittal.
You were hungry.

You visited 2 branches of the dungeon, and saw 7 of its levels.

You collected 337 gold pieces.

Inventory:

Hand weapons
 e - a +2 flail of protection (weapon)
Missiles
 a - 73 stones
 u - 13 tomahawks (quivered)
Armour
 k - a +0 fire dragon armour (worn)
Jewellery
 q - a +3 ring of protection (left claw)
 w - an amulet of rage (around neck)
Scrolls
 g - a scroll of immolation {unknown}
 i - 5 scrolls of fog
 l - a scroll of magic mapping {unknown}
 n - a scroll of recharging {unknown}
 o - a scroll of blinking {unknown}
 v - 3 scrolls of remove curse {unknown}
 y - a scroll of amnesia
Potions
 h - a potion of flight {unknown}
 j - 2 potions of lignification {unknown}
 m - 3 potions of heal wounds {unknown}
 t - a potion of cure mutation
Books
 c - a book of Geomancy

   Spells                             Type                      Level
   a - Sandblast                      Earth                        1
   b - Stoneskin                      Transmutation/Earth          2
   c - Passwall                       Transmutation/Earth          3
   d - Stone Arrow                    Conjuration/Earth            3
   e - Petrify                        Transmutation/Earth          4
   f - Lee's Rapid Deconstruction     Earth                        5
 s - a book of Dreams

   Spells                             Type                      Level
   a - Ensorcelled Hibernation        Hexes/Ice                    2
   b - Phase Shift                    Translocation                5
   c - Shadow Creatures               Summoning                    5
   d - Silence                        Hexes/Air                    5
   e - Darkness                       Hexes                        6
   f - Mass Confusion                 Hexes                        6
 x - a book of Ice

   Spells                             Type                      Level
   a - Ice Form                       Ice/Transmutation            4
   b - Metabolic Englaciation         Hexes/Ice                    5
   c - Ozocubu's Refrigeration        Ice                          6
   d - Bolt of Cold                   Conjuration/Ice              6
   e - Freezing Cloud                 Conjuration/Ice/Air          6
   f - Simulacrum                     Ice/Necromancy               6
Comestibles
 b - 2 meat rations
 d - 6 bread rations
 f - a slice of pizza


   Skills:
 - Level 1.9 Fighting
 + Level 3.2 Maces & Flails
 * Level 6.1 Armour
 - Level 3.2 Dodging
 - Level 1.1 Stealth
 * Level 6.8 Unarmed Combat
 - Level 1.4 Spellcasting
 - Level 0.6 Transmutations
 + Level 3.1 Earth Magic


You had 7 spell levels left.
You knew the following spells:

 Your Spells              Type           Power        Failure   Level  Hunger
a - Sandblast             Erth           #.....       21%         1    ##.....
b - Stoneskin             Trmt/Erth      #.......     65%         2    ###....


Dungeon Overview and Level Annotations

Branches:
Dungeon (6/15)             Temple (1/1) D:5

Altars:
Ashenzari
Cheibriados
Dithmenos
Elyvilon
Fedhas
Gozag
Kikubaaqudgha
Makhleb
Nemelex Xobeh
Qazlal
Ru
Sif Muna
Trog
Vehumet
Xom
Yredelemnul
Zin
The Shining One

Annotations:
D:6 exclusion: oklob plant


Innate Abilities, Weirdness & Mutations

You are too large for most types of armour.
You have claws for hands.
Your metabolism is lightning-fast.
You like to eat raw meat.
You heal very quickly.
You are covered in fur (AC +1).
You have very tough skin (AC +2).


Message History

Unknown command.
You hit the ogre.
The ogre is heavily wounded.
The ogre barely misses you.
You hit the ogre but do no damage.
The ogre is heavily wounded.
The oklob plant spits acid at you. The splash of acid hits you!
The acid corrodes you!
The acid burns!
The ogre hits you with a giant spiked club!
The oklob plant spits acid at you. The splash of acid hits you!
* * * LOW HITPOINT WARNING * * *
The acid burns!
* * * LOW HITPOINT WARNING * * *
Read which item? (? for menu, Esc to quit)
As you read the scroll of teleportation, it crumbles to dust.
You feel strangely unstable. The ogre closely misses you.
The oklob plant spits acid at you. The splash of acid hits you!
You die...

######### .....hOP## . #P@P# #
###. #.####P.##.##.# #...
................ .....
######..#####..###.#.#. #########
##.## #.... # ...))...# #..#
#.... #######.# ##.# #.#.## #.
..).).#.##########.###.#..# #.
...†).#....)).............#######


You could see an oklob plant, an ogre and a hound.

Vanquished Creatures
  The ghost of Kelyas the Chucker, an experienced OgHu (D:4)
  Menkaure (D:5)
  2 orc warriors (D:6)
  3 ogres
  A phantom (D:6)
  A centaur (D:4)
  A gnoll sergeant (D:6)
  4 scorpions (D:4)
  3 hounds
  A centaur skeleton (D:5)
  A centaur zombie (D:6)
  2 jellies
  3 iguanas
  4 orc wizards
  An orc priest (D:4)
  4 worker ants
  A worker ant zombie (D:5)
  14 adders
  5 gnolls (D:6)
  An adder zombie (D:6)
  An adder skeleton (D:4)
  4 worms
  5 giant geckos
  18 orcs
  3 giant cockroaches
  7 goblins
  5 hobgoblins
  3 jackals
  9 kobolds
  A quokka (D:3)
  8 ball pythons
  6 bats
  A giant gecko skeleton (D:4)
  A giant gecko zombie (D:6)
  3 giant newts
  A quokka skeleton (D:6)
  4 rats
134 creatures vanquished.

Vanquished Creatures (others)
  An orc wizard (D:6)
1 creature vanquished.

Grand Total: 135 creatures vanquished

Notes
Turn   | Place    | Note
--------------------------------------------------------------
     0 | D:1      | zeke the Troll Earth Elementalist began the quest for the Orb.
     0 | D:1      | Reached XP level 1. HP: 16/16 MP: 1/1
   220 | D:1      | Reached skill level 3 in Earth Magic
   220 | D:1      | Reached XP level 2. HP: 24/24 MP: 3/3
   764 | D:2      | Reached XP level 3. HP: 31/31 MP: 4/4
   965 | D:2      | Reached skill level 1 in Armour
   965 | D:2      | Reached skill level 1 in Unarmed Combat
  1056 | D:2      | Reached XP level 4. HP: 39/39 MP: 5/5
  1263 | D:2      | Found a blossoming altar of Fedhas.
  1434 | D:2      | You fall through a shaft for 2 floors!
  1453 | D:4      | Noticed a centaur
  1456 | D:5      | Entered Level 5 of the Dungeon
  1491 | D:5      | Reached XP level 5. HP: 40/45 MP: 6/6
  1626 | D:4      | Noticed Kelyas's ghost (experienced OgHu)
  1641 | D:5      | Noticed an ogre
  1648 | D:6      | Noticed an ogre
  1654 | D:6      | Killed an ogre
  1654 | D:6      | Reached XP level 6. HP: 38/53 MP: 7/7
  1700 | D:6      | Reached skill level 4 in Unarmed Combat
  1989 | D:6      | Noticed an orc warrior
  2012 | D:6      | Killed an orc warrior
  2012 | D:6      | Reached XP level 7. HP: 24/59 MP: 8/8
  2080 | D:6      | Reached skill level 5 in Unarmed Combat
  2259 | D:6      | Noticed a phantom
  2286 | D:6      | Killed a phantom
  2410 | D:5      | Learned a level 2 spell: Stoneskin
  2477 | D:5      | Reached skill level 1 in Maces & Flails
  2671 | D:5      | Killed an ogre
  2671 | D:5      | Reached skill level 1 in Fighting
  2765 | D:5      | Reached XP level 8. HP: 70/70 MP: 9/9
  4192 | D:4      | Reached skill level 5 in Armour
  4394 | D:4      | Killed a centaur
  4686 | D:4      | Killed Kelyas's ghost
  4686 | D:4      | Reached skill level 6 in Unarmed Combat
  4778 | D:4      | Noticed an ogre
  4788 | D:4      | Killed an ogre
  4850 | D:4      | Reached XP level 9. HP: 71/79 MP: 10/10
  5105 | D:5      | Noticed Menkaure
  5117 | D:5      | Killed Menkaure
  5182 | D:5      | Found a staircase to the Ecumenical Temple.
  5294 | Temple   | Entered the Ecumenical Temple
  5389 | Temple   | Became a worshipper of Cheibriados the Contemplative
  5529 | D:6      | Found a radiant altar of Vehumet.
  5529 | D:6      | Noticed an oklob plant
  5539 | D:6      | Noticed an ogre
  5551 | D:6      | Killed from afar by an oklob plant

Vault maps used:
D:1:      matt_arrival_grand_opening
D:2:      fedhas_altar_3
D:4:      minmay_snake_closets
D:5:      temple_hall, first_bread, uniq_menkaure
D:6:      lemuel_oklob_altar
Temple:   kilobyte_greek_temple_18

Action                   |  1- 3 |  4- 6 |  7- 9 || total
-------------------------+-------+-------+-------++-------
Melee: Unarmed           |   124 |   188 |    14 ||   326
       Flail             |       |       |   356 ||   356
Throw: Stone             |     1 |       |     4 ||     5
       Tomahawk          |       |       |     8 ||     8
 Cast: Sandblast         |     2 |       |       ||     2
  Use: Scroll            |       |     5 |     4 ||     9
       Potion            |       |     4 |     2 ||     6
 Stab: Invisible         |       |       |     4 ||     4
  Eat: Chunk             |    10 |    12 |    24 ||    46
       Beef jerky        |       |       |     2 ||     2
       Fruit             |       |       |     1 ||     1
